 Dungeon Crawl Stone Soup version 0.24.0-10-g970556be89 (webtiles) character file.

Game seed: 14470766257994474227, levelgen mode: deterministic

34 Inarius the Grave Robber (level 3, -1/24 HPs)
             Began as a Mummy Necromancer on Nov 4, 2019.
             Shot with a stone by a goblin (5 damage)
             ... on level 2 of the Dungeon.
             The game lasted 00:02:17 (1473 turns).

Inarius the Grave Robber (Mummy Necromancer)        Turns: 1473, Time: 00:02:17

Health: -1/24      AC:  2    Str: 11    XL:     3   Next: 14%
Magic:  0/7        EV: 12    Int: 15    God:
Gold:   67         SH:  0    Dex: 12    Spells: 7/8 levels left

rFire    x . .     SeeInvis .   d - +0 dagger
rCold    + . .     Gourm    .   (no shield)
rNeg     + + +     Faith    .   a - +0 robe
rPois    ∞         Spirit   .   (no helmet)
rElec    .         Reflect  .   (no cloak)
rCorr    .         Harm     .   (no gloves)
MR       .....                  (no boots)
Stlth    ++........             (no amulet)
HPRegen  0.08/turn              (no ring)
MPRegen  0.10/turn              (no ring)

@: no status effects
A: no food or potions, fire vulnerability, cold resistance 1, negative energy
resistance 3, torment resistance, unbreathing
a: no special abilities


You were on level 2 of the Dungeon.
You were not hungry.

You visited 1 branch of the dungeon, and saw 2 of its levels.

You collected 67 gold pieces.

Inventory:

Hand Weapons
 d - a +0 dagger (weapon)
Missiles
 j - 37 stones (quivered)
Armour
 a - a +0 robe (worn)
 c - +0 fire dragon scales
 f - a cursed -2 scale mail
Scrolls
 b - 4 scrolls of identify {unknown}
 e - a scroll of immolation {unknown}
 g - 2 scrolls of enchant armour {unknown}
 h - 3 scrolls of teleportation {unknown}
 i - a scroll of remove curse {unknown}


   Skills:
 * Level 0.4 Armour
 + Level 1.6 Dodging
 - Level 1.5 Stealth
 + Level 3.3 Spellcasting
 * Level 4.6 Necromancy


You had 7 spell levels left.
You knew the following spells:

 Your Spells              Type           Power        Failure   Level  Hunger
a - Pain                  Necr           ###.         2%          1    N/A

Your spell library contained the following spells:

 Spells                   Type           Power        Failure   Level  Hunger
 Animate Skeleton         Necr           N/A          2%          1    N/A
 Vampiric Draining        Necr           ###.......   9%          3    N/A
 Animate Dead             Necr           N/A          28%         4    N/A
 Regeneration             Chrm/Necr      Unusable     N/A         3    N/A

Dungeon Overview and Level Annotations

Branches:
Dungeon (2/15)

Altars:
Ashenzari


Innate Abilities, Weirdness & Mutations

You do not eat or drink.
Your flesh is vulnerable to fire.
You are immune to poison.
Your flesh is cold resistant. (rC+)
You are immune to negative energy. (rN+++)
You are immune to unholy pain and torment.
You can survive without breathing.


Message History

Confirm with . or Enter, or press ? or * to list all spells.
Aiming: Pain (safe; 3% risk of failure)
Press: ? - help, Shift-Dir - straight line, f/p - adder
Aim: an adder (heavily wounded, chance to defeat MR: 80%)
The adder writhes in agony!
You kill the adder!
You have reached level 3!
Your experience leads to an increase in your attributes!
Increase (S)trength, (I)ntelligence, or (D)exterity?
You feel clever. The goblin hits you but does no damage.
The goblin unwields a +0 dagger.
The goblin wields a +0 hunting sling.
The goblin shoots a stone.
The stone hits you.
* * * LOW HITPOINT WARNING * * *
The goblin unwields a +0 hunting sling.
The goblin wields a +0 dagger.
The goblin hits you but does no damage.
The goblin unwields a +0 dagger.
The goblin wields a +0 hunting sling.
The goblin shoots a stone.
The stone misses you.
The goblin shoots a stone.
The stone hits you.
You die...

#.....<†......#
#.........#.#.#
#........'._..#
#........##.#.# #######
#........##...#
.......####.############
#....(.....######
.>.............#
........@#####+#####
.##.##............#
#.......g†......#
#............(..#
#....######+#####
#.......# #######g#
.....S).# ..g.....#


You could see a goblin.

Vanquished Creatures
  An adder (D:2)
  An ooze (D:1)
  A dart slug (D:1)
  2 leopard geckos
  4 goblins
  2 hobgoblins (D:1)
  A ball python (D:2)
  2 bats
  2 frilled lizards (D:1)
  A rat (D:2)
17 creatures vanquished.

Notes
Turn   | Place    | Note
-------+----------+-------------------------------------------
     0 | D:1      | Inarius the Mummy Necromancer began the quest for the Orb.
     0 | D:1      | Reached XP level 1. HP: 13/13 MP: 4/4
   723 | D:1      | Reached XP level 2. HP: 19/19 MP: 3/6
  1255 | D:2      | Noticed a sky beast
  1350 | D:2      | Found a shattered altar of Ashenzari.
  1468 | D:2      | Reached XP level 3. HP: 6/24 MP: 0/7
  1473 | D:2      | Shot with a stone by a goblin

Levels and vault maps discovered:
D:1:      tarquinn_simple_flora_water_d, layout_basic
D:2:      layout_basic, ashenzari_altar_1

Skill      XL: |  1 |
---------------+----+-----
Spellcasting   | 3 |  3.3
Armour         | |  0.4
Dodging        | |  1.6
Stealth        | |  1.5
Necromancy     | |  4.6

Action                   || total
-------------------------++-------
Melee: Unarmed           ||     6
       Dagger            ||     5
 Cast: Pain              ||    36
Armor: Robe              ||     5
Dodge: Dodged            ||    12
